Map: Orbital Shipyard

Players

Proxy

  • Race: Zerg Zerg
  • League: Diamond

MorN - Winner!

  • Race: Terran Terran
  • League: Master

VOD

Have the link to the VOD?

Description

Time

  • Played on: Nov. 21, 2015, 11:58 p.m.
  • Length: 15:10
Show
View Real Time Build Order
Export as new Build Order

Proxy Zerg 

Build Orders: Hatch First, Lurkers 

Get SALT Encoding   

  12  0:01  Drone  
  13  0:13  Overlord  
  13  0:18  Drone  
  14  0:31  Drone  
  14  0:32  Drone  
  16  0:36  Drone  
  17  0:53  Hatchery  
  17  0:56  Drone  
  17  1:10  Spawning Pool  
  16  1:12  Drone  
  16  1:15  Extractor  
  16  1:17  Drone  
  17  1:20  Drone  
  18  1:29  Drone  
  19  1:40  Overlord  
  19  1:57  Queen  
  19  1:58  Zergling x2  
  22  2:01  Zergling x2  
  22  2:04  Queen  
  22  2:07  Drone  
  26  2:13  Drone  
  27  2:18  Metabolic Boost  
  27  2:21  Drone  
  28  2:24  Drone  
  28  2:37  Queen  
  28  2:38  Drone  
  28  2:39  Drone  
  32  2:49  Overlord  
  32  2:59  Lair  
  32  3:00  Drone x4  
  36  3:18  Drone x2  
  38  3:20  Drone x2, Extractor  
  38  3:21  Extractor  
  38  3:33  Hatchery  
  37  3:34  Spine Crawler  
  37  3:37  Roach Warren, Drone  
  36  3:45  Drone x3  
  39  3:51  Drone  
  39  3:52  Overlord  
  40  4:06  Drone  
  40  4:07  Drone x2  
  43  4:10  Spore Crawler  
  43  4:11  Drone  
  43  4:12  Drone, Spore Crawler  
  43  4:14  Drone  
  44  4:26  Roach x3  
  50  4:45  Drone x2  
  50  4:46  Drone  
  50  4:51  Drone  
  50  4:52  Drone x4  
  57  5:13  Overlord  
  57  5:17  Evolution Chamber  
  57  5:19  Evolution Chamber  
  55  5:27  Roach  
  57  5:39  Spore Crawler, Roach x4  
  57  5:42  Overlord  
  64  5:45  Zerg Missile Weapons Level 1, Glial Reconstitution, Zerg Ground Armor Level 1  
  64  5:48  Overlord  
  64  5:57  Overlord  
  64  6:01  Roach  
  64  6:02  Roach x3  
  64  6:03  Spore Crawler, Ravager  
  72  6:04  Ravager  
  72  6:06  Overlord  
  73  6:13  Roach x4  
  73  6:14  Overlord  
  73  6:15  Overlord  
  81  6:21  Ravager x4  
  81  6:22  Ravager  
  86  6:28  Roach x3  
  86  6:30  Overlord  
  92  6:36  Roach x3  
  98  6:48  Roach x4  
  106  6:58  Drone x6  
  106  6:59  Overlord  
  106  7:00  Extractor  
  111  7:03  Drone, Extractor  
  110  7:08  Drone  
  110  7:09  Drone x3  
  110  7:14  Overlord  
  114  7:18  Overseer  
  114  7:20  Ravager  
  114  7:21  Ravager  
  116  7:24  Drone x2  
  116  7:26  Extractor  
  116  7:27  Drone  
  116  7:28  Drone  
  119  7:31  Hydralisk Den  
  119  7:33  Drone x3  
  119  7:35  Spore Crawler  
  104  8:00  Drone x2  
  104  8:02  Drone x2  
  100  8:08  Drone, Zerg Ground Armor Level 2, Zerg Missile Weapons Level 2  
  100  8:10  Drone x4  
  103  8:24  Drone x2  
  105  8:33  Drone x4  
  101  8:35  Drone  
  94  8:48  Hydralisk x4  
  85  8:49  Hydralisk, Roach x5  
  100  8:58  Roach x2  
  100  9:00  Spine Crawler x2  
  97  9:05  Infestation Pit  
  97  9:06  Hatchery  
  97  9:07  Extractor  
  97  9:08  Extractor  
  93  9:10  Ravager x2  
  93  9:12  Spore Crawler  
  94  9:20  Hydralisk x3  
  94  9:21  Hydralisk, Roach x4  
  94  9:22  Overlord  
  94  9:24  Lurker Den  
  110  9:28  Roach x2  
  114  9:36  Ravager x2  
  113  9:46  Hydralisk x3, Roach x2  
  113  9:47  Roach  
  116  10:07  Hydralisk x4  
  116  10:08  Roach x3  
  130  10:15  Overlord x2  
  130  10:17  Spore Crawler  
  130  10:18  Spore Crawler, Hydralisk  
  130  10:19  Roach x2  
  130  10:20  Overlord  
  134  10:27  Ravager x2  
  136  10:29  Overlord  
  136  10:33  Overlord  
  132  10:49  Ravager x3  
  110  10:55  Hydralisk x4  
  110  10:56  Hydralisk x2, Roach x7  
  109  11:01  Drone x3  
  109  11:02  Drone  
  113  11:12  Hydralisk x2  
  113  11:13  Roach x3  
  113  11:16  Lurker  
  113  11:17  Lurker x2  
  126  11:23  Spore Crawler  
  126  11:25  Spore Crawler  
  124  11:29  Pneumatized Carapace  
  124  11:32  Hydralisk  
  124  11:33  Hydralisk, Roach x2  
  124  11:38  Infestation Pit  
  131  11:42  Lurker x2  
  133  11:50  Overlord  
  127  11:58  Hydralisk x2  
  127  11:59  Hydralisk, Roach x3  
  136  12:03  Hydralisk x2  
  136  12:04  Roach x2  
  144  12:09  Overlord  
  144  12:11  Lurker  
  144  12:12  Drone x2  
  147  12:22  Muscular Augments  
  147  12:28  Overlord  
  147  12:35  Hive, Hydralisk, Roach  
  147  12:36  Roach x2  
  155  12:42  Overlord  
  155  12:53  Hydralisk  
  155  12:54  Hydralisk, Roach x3  
  112  13:13  Hydralisk x4, Roach  
  112  13:14  Roach x3  
  112  13:18  Hydralisk  
  112  13:19  Roach  
  103  13:21  Hydralisk  
  105  13:29  Lurker, Ravager  
  105  13:30  Ravager, Hydralisk  
  105  13:31  Roach  
  112  13:37  Lurker  
  112  13:38  Hydralisk, Roach  
  117  13:47  Overlord  
  114  13:49  Hydralisk  
  114  13:50  Roach x2  
  120  13:55  Hydralisk  
  120  13:56  Roach  
  124  14:05  Hydralisk  
  124  14:06  Roach x2  
  120  14:11  Hydralisk  
  120  14:12  Roach x2  
  104  14:19  Hydralisk  
  104  14:20  Hydralisk, Roach  
  100  14:24  Hydralisk  
  100  14:25  Roach  
  100  14:30  Roach x2  
  100  14:40  Hydralisk x2  
  100  14:41  Roach x2  
Show
View Real Time Build Order
Export as new Build Order

MorN Terran - Winner!

Build Orders: Liberator Opening, Reaper Expand, MMM Bio 

Get SALT Encoding   

  12  0:00  SCV  
  13  0:13  SCV  
  14  0:18  Supply Depot  
  14  0:25  SCV  
  15  0:40  SCV  
  15  0:41  Barracks  
  16  0:46  Refinery  
  16  0:52  SCV  
  17  1:04  SCV  
  18  1:17  SCV  
  19  1:30  Reaper  
  19  1:31  Orbital Command  
  20  1:44  Command Center  
  20  1:59  SCV  
  21  2:01  Supply Depot  
  21  2:02  Reaper  
  22  2:11  SCV  
  22  2:37  Factory  
  22  2:43  Command Center  
  22  2:48  SCV  
  22  2:49  Barracks Reactor, Refinery  
  23  2:56  Orbital Command  
  23  3:00  SCV  
  24  3:13  SCV  
  24  3:23  SCV  
  24  3:25  SCV  
  26  3:27  Starport  
  26  3:33  Hellion  
  26  3:34  Hellion, Barracks Tech Lab  
  30  3:35  SCV  
  30  3:37  SCV  
  32  3:47  SCV  
  32  3:48  Liberator  
  33  3:50  SCV  
  33  3:55  Hellion x2  
  38  3:56  Marine  
  38  3:59  SCV  
  38  4:02  Orbital Command  
  40  4:09  SCV  
  44  4:11  SCV  
  45  4:17  Stimpack  
  45  4:21  SCV  
  45  4:23  SCV  
  45  4:24  Hellion x2  
  51  4:32  Marine  
  51  4:33  SCV  
  51  4:35  SCV  
  54  4:55  Marauder  
  54  4:57  Barracks  
  54  4:58  SCV x2, Barracks  
  58  5:01  Factory Reactor  
  58  5:04  SCV  
  58  5:06  Barracks  
  59  5:07  Barracks  
  59  5:10  SCV  
  59  5:11  Supply Depot  
  59  5:14  SCV  
  59  5:16  SCV, Refinery  
  59  5:17  Refinery  
  59  5:18  Engineering Bay  
  59  5:19  Engineering Bay  
  60  5:22  SCV  
  60  5:25  Starport Reactor  
  61  5:32  SCV  
  62  5:36  Marauder  
  62  5:42  SCV  
  65  5:44  Factory Reactor  
  65  5:48  Marine x2  
  67  5:51  Orbital Command  
  67  5:54  Barracks Reactor x2  
  67  5:55  SCV  
  68  5:57  Marine  
  68  5:58  Factory Tech Lab  
  69  6:15  Terran Infantry Weapons Level 1, Terran Infantry Armor Level 1  
  69  6:20  Supply Depot x3, Medivac x2, SCV, Marine x3  
  77  6:28  Supply Depot  
  77  6:30  Marine  
  77  6:41  Marine x5  
  77  6:42  SCV x3, Siege Tank, Marine x3  
  77  6:45  Supply Depot  
  91  6:54  SCV x3  
  92  6:56  Marine  
  92  6:58  Combat Shields  
  92  6:59  Marine x3, Medivac x2  
  100  7:03  Bunker  
  100  7:05  Bunker  
  100  7:06  SCV x2  
  102  7:09  SCV  
  102  7:15  Marine x3  
  104  7:18  SCV, Supply Depot x2  
  104  7:19  Armory  
  107  7:24  Command Center  
  107  7:25  SCV  
  107  7:26  SCV  
  107  7:29  Refinery, Medivac x2  
  113  7:30  SCV  
  111  7:47  Liberator x2  
  96  7:56  Marauder, Marine x2  
  96  7:58  Marine x4  
  90  7:59  Marine  
  91  8:11  Marine  
  86  8:14  Marine  
  86  8:18  Marauder  
  82  8:25  Siege Tank  
  82  8:26  Marine x3  
  86  8:30  Liberator  
  82  8:39  Marauder, Marine  
  78  8:45  Orbital Command  
  77  8:54  Terran Infantry Weapons Level 2  
  72  8:57  Siege Tank  
  72  9:01  Marauder  
  77  9:04  Marine x3  
  77  9:05  Marine x4  
  77  9:08  Liberator  
  84  9:10  Orbital Command  
  84  9:22  SCV x2, Marauder, Marine x3  
  84  9:23  Barracks x2  
  91  9:25  Barracks  
  97  9:34  Marine x3  
  100  9:43  Marauder  
  100  9:49  Marine x4  
  93  10:05  Marine x3, Marauder  
  93  10:06  Siege Tank  
  101  10:08  Medivac x2  
  102  10:14  Marine x3  
  102  10:16  Barracks Tech Lab x2  
  102  10:17  Barracks Reactor  
  105  10:24  SCV x2  
  105  10:25  Refinery  
  105  10:26  Marauder  
  106  10:47  Marine x2  
  106  10:48  Marine x2, Marauder  
  106  10:49  Marauder  
  97  10:57  Marine x2  
  97  10:58  Marine x3, Marauder  
  97  11:03  Command Center  
  104  11:05  Marine x2  
  104  11:06  Marine  
  104  11:09  Marine, Marauder  
  104  11:10  Marauder  
  112  11:11  Terran Infantry Weapons Level 3, Terran Infantry Armor Level 2  
  112  11:14  Supply Depot  
  112  11:15  SCV x2, Marine x2  
  116  11:19  Marauder  
  116  11:20  Marine  
  116  11:24  Liberator x2  
  116  11:25  Marine x2  
  121  11:30  Marine x2, Marauder  
  121  11:31  Marauder, Marine x2  
  129  11:32  Marine  
  129  11:35  SCV  
  129  11:39  Marine x2  
  133  11:40  Marauder  
  133  11:42  Marine x2  
  143  11:48  Marine x3  
  143  11:49  Marine  
  143  11:51  Marine  
  148  11:56  Supply Depot  
  148  11:57  Supply Depot  
  148  11:59  Marine  
  148  12:01  Marauder x2  
  148  12:06  Siege Tank, Marauder  
  148  12:09  Factory, Liberator  
  148  12:10  Marine x2  
  148  12:11  Marine x5  
  155  12:22  Marauder  
  156  12:28  Marine x3  
  156  12:29  Marauder x2  
  165  12:55  Marine x2  
  165  12:56  Marauder  
  169  12:58  Planetary Fortress  
  158  13:19  Marauder, Marine x2  
  145  13:26  Marine x3  
  147  13:27  Marauder x2, Marine x2  
  148  13:34  Marine x2  
  148  13:36  Marine  
  148  13:41  Marauder  
  152  13:44  Marine  
  152  13:45  Marine x2  
  152  13:46  Marine  
  158  13:48  Marauder x2, Marine x2  
  158  13:54  Refinery  
  158  13:55  Refinery  
  156  13:58  Marine x2  
  156  14:01  Liberator x2  
  156  14:02  Marauder  
  150  14:08  Marine  
  139  14:10  Marauder x2  
  139  14:15  Marine x2  
  131  14:17  Marine x3  
  131  14:24  Marauder  
  125  14:26  Marine x4  
  122  14:31  Marauder  
  122  14:33  Marine x2  
  122  14:34  Marauder  
  122  14:36  Marine x2  
  124  14:38  Marine  
  124  14:43  Marine  
  124  14:45  Marine  
  129  14:46  Marauder  
  129  14:49  Marine x2  
Tags
 
Add a new tag
Caveats
  • Supply blocks, unpowered buildings, or Contaminate may cause inaccurate times.
  • Supply counts are checked every 10 seconds.